 Dungeon Crawl Stone Soup version 0.27.0-1-g7a089689b8 (webtiles) character file.

Game seed: 5546802936597909669

18 garrulousMonolith the Slasher (level 2, -1/22 HPs)
             Began as a Demonspawn Gladiator on Aug 14, 2021.
             Killed from afar by Natasha (5 damage)
             ... with a magic dart
             ... on level 2 of the Dungeon.
             The game lasted 00:01:15 (822 turns).

garrulousMonolith the Slasher (Demonspawn Gladiator) Turns: 822, Time: 00:01:15

Health: -1/22      AC:  9    Str: 12    XL:     2   Next: 51%
Magic:  2/2        EV:  9    Int:  9    God:
Gold:   53         SH:  0    Dex: 14    Spells: 1/1 levels left

rFire    . . .     SeeInvis .   e - +2 dagger (elec)
rCold    . . .     Faith    .   (no shield)
rNeg     . . .     Spirit   .   l - +0 scale mail
rPois    .         Reflect  .   c - +0 helmet
rElec    .         Harm     .   (no cloak)
rCorr    .         Rampage  .   (no gloves)
Will     .....                  (no boots)
Stlth    ..........             (no amulet)
HPRegen  0.07/turn              (no ring)
MPRegen  0.08/turn              (no ring)

@: brilliant
A: icy blue scales 1, weak 1
a: no special abilities


You were on level 2 of the Dungeon.
You visited 1 branch of the dungeon, and saw 2 of its levels.

You collected 53 gold pieces.

Inventory:

Hand Weapons
 a - a +0 long sword
 e - a +2 dagger of electrocution (weapon)
Missiles
 d - 3 throwing nets
 f - 9 poisoned darts (quivered)
Armour
 b - a +0 leather armour
 c - a +0 helmet (worn)
 l - a +0 scale mail (worn)
Scrolls
 g - a scroll of amnesia {unknown}
 i - a scroll of vulnerability {unknown}
Potions
 k - a potion of brilliance


   Skills:
 + Level 2.2 Fighting
 * Level 3.1 Long Blades
 - Level 2.0 Throwing
 + Level 2.9 Dodging


You had one spell level left.
You didn't know any spells.
Your spell library was empty.

Dungeon Overview and Level Annotations

Branches:
Dungeon (2/15)

Altars:

Annotations:
D:2 Jessica, Natasha


Innate Abilities, Weirdness & Mutations

You are partially covered in icy blue scales. (AC +2)
You are weak. (Str -2)


Message History

The crimson imp hits you but does no damage.
The crimson imp barely misses you. Natasha closely misses you.
Jessica hits you but does no damage.
The crimson imp blinks!
Natasha casts a spell at you.
The magic dart hits you but does no damage.
Jessica gestures at you while chanting. Pain shoots through your body!
* * * LOW HITPOINT WARNING * * *
The crimson imp blinks! x2; The crimson imp closely misses you.
Jessica mumbles some strange words.
Jessica blinks!
The crimson imp shouts, "Embrace thy doom, thou beslubbering flat-headed mammet!"
The crimson imp blinks!
Okay, then.
It was a potion of mutation.
You feel extremely strange.
You feel weaker.
Jessica mumbles something strange.
Jessica gestures wildly while chanting.
Jessica blinks!
The crimson imp lashes its tail.
The crimson imp blinks!
Natasha stares at you and mumbles some strange words.
You resist with significant effort.
You don't know any spells.
You aren't carrying any items that you can evoke.
Throw: 10 darts (poison)
Press: ? - help, Q - select action, (/) - cycle Shift-Dir - straight line, f - Natasha
Aim: Natasha (51% to hit)
You throw a poisoned dart.
The poisoned dart closely misses Natasha.
Jessica mumbles some strange words.
Jessica blinks!
Natasha casts a spell.
The crimson imp blinks!
Natasha stares at you and mumbles some strange words.
The magic dart hits you but does no damage.
Natasha casts a spell at you. The magic dart hits you.
You die...

# ## #####. #####.....
###.(.......
###...#.###... #
###...##..##.... ..
####......#.###....
#.#.@.h##.#...#<.....
........###5....§...#....
.......#...5§....#.......
.............5###........
.......?...§...##........
.........................
..................###....
.......$.........## #....
.........!....# #....


You could see Natasha and a white imp (summoned).

Vanquished Creatures
  2 dart slugs
  A goblin (D:1)
  A hobgoblin (D:1)
  3 kobolds (D:1)
  2 quokkas (D:1)
  3 bats (D:1)
  A frilled lizard (D:1)
  A rat (D:1)
14 creatures vanquished.

Notes
Turn   | Place    | Note
-------+----------+-------------------------------------------
     0 | D:1      | garrulousMonolith the Demonspawn Gladiator began the quest
                  | for the Orb.
     0 | D:1      | Reached XP level 1. HP: 16/16 MP: 1/1
   304 | D:1      | Gained mutation: You are partially covered in icy blue
                  | scales. (AC +2) [demonic ancestry]
   304 | D:1      | Reached XP level 2. HP: 22/22 MP: 2/2
   398 | D:1      | Reached skill level 3 in Long Blades
   421 | D:1      | Found a faded altar of an unknown god.
   798 | D:2      | Noticed Natasha
   800 | D:2      | Noticed a crimson imp
   802 | D:2      | Noticed a crimson imp
   802 | D:2      | Noticed Jessica
   804 | D:2      | Noticed a crimson imp
   816 | D:2      | Gained mutation: You are weak. (Str -2) [potion of
                  | mutation]
   822 | D:2      | Killed from afar by Natasha

Illustrated notes

Levels and vault maps discovered:
D:1:      minmay_arrival_hallway, layout_rooms, shapermc_ecumenical_altar_gd,
          fountainhead, minmay_pentomino_t2
D:2:      layout_rooms, uniq_jessica, uniq_natasha

Skill      XL: |  1  2 |
---------------+-------+-----
Throwing       | 2 |  2.0
Long Blades    | 3 |  3.1
Fighting       | |  2.2
Dodging        | |  2.9

Action                   || total
-------------------------++-------
Melee: Long sword        ||    19
       Dagger            ||    29
Throw: Dart              ||     1
  Use: Potion            ||     3
Armor: Leather armour    ||    11
       Scale mail        ||    12
Dodge: Dodged            ||    37
       Rpst.: Long sword ||     7
